 Dungeon Sprint DCSS version 0.27.1-33-g824d729ab1 (webtiles) character file.

Game seed: 17275440820160400096

3228 Hipnos the Imperceptible (level 9, 0/42 HPs)
             Began as a Spriggan Enchanter on Nov 26, 2021.
             Was a Priest of Makhleb.
             Slain by a gargoyle (15 damage)
             ... in the Dungeon (Sprint I: "Red Sonja").
             The game lasted 00:06:17 (1944 turns).

Hipnos the Imperceptible (Spriggan Enchanter)       Turns: 1944, Time: 00:06:18

Health: 0/42       AC:  4    Str:  4    XL:     9   Next: 66%
Magic:  23/23      EV: 24    Int: 16    God:    Makhleb [***...]
Gold:   575        SH:  0    Dex: 19    Spells: 15/27 levels left

rFire    . . .     SeeInvis +   g - +2 short sword (venom)
rCold    . . .     Faith    .   (shield restricted)
rNeg     . . .     Spirit   .   b - +2 robe
rPois    .         Reflect  .   (helmet restricted)
rElec    .         Harm     .   (no cloak)
rCorr    .         Rampage  .   (gloves unavailable)
Will     +....     NoTele   +   (boots unavailable)
Stlth    +++.......             (no amulet)
HPRegen  0.14/turn              (no ring)
MPRegen  0.18/turn              (no ring)

@: confused, very quick
A: very small, no large weapons, unfitting armour, see invisible, speed 3
a: Renounce Religion, Minor Destruction, Lesser Servant of Makhleb


You were in the Dungeon.
You worshipped Makhleb.
Makhleb was most pleased with you.
You visited 1 branch You collected 845 gold pieces.
You spent 270 gold pieces at shops.

Inventory:

Hand Weapons
 a - a +1 dagger
 g - a +2 short sword of venom (weapon)
Armour
 b - a +2 robe (worn)
Scrolls
 d - a scroll of fog {unknown}
 h - a scroll of blinking
 i - a scroll of summoning {unknown}
 j - a scroll of immolation {unknown}
 k - a scroll of identify {unknown}
Potions
 c - 3 potions of curing
 e - a potion of haste
 f - 2 potions of magic


   Skills:
 + Level 2.2 Fighting
 + Level 5.4 Short Blades
 + Level 9.0 Dodging
 * Level 22.2 Stealth
 + Level 9.5 Spellcasting
 + Level 1.4 Conjurations
 + Level 12.5 Hexes
 + Level 2.0 Ice Magic


You had 15 spell levels left.
You knew the following spells:

 Your Spells              Type           Power      Damage    Failure   Level
a - Corona                Hex            52%        N/A       1%          1
b - Ensorcelled Hibernat  Hex/Ice        60%        N/A       1%          2
c - Confusing Touch       Hex            47%        N/A       1%          3
d - Tukima's Dance        Hex            47%        N/A       1%          3
e - Dazzling Flash        Conj/Hex       58%        N/A       1%          3

Your spell library contained the following spells:

 Spells                   Type           Power      Damage    Failure   Level


Dungeon Overview and Level Annotations

Branches:
Dungeon (1/1)

Altars:
Cheibriados
Dithmenos
Elyvilon
Fedhas
Gozag
Hepliaklqana
Kikubaaqudgha
Makhleb
Nemelex Xobeh
Okawaru
Qazlal
Ru
Sif Muna
Trog
Uskayaw
Vehumet
Wu Jian
Xom
Yredelemnul
Zin
The Shining One
Jiyva
Lugonu

Shops:
D ?[[


Innate Abilities, Weirdness & Mutations

You are very small and have problems with some larger weapons.
You are too small for most types of armour.
You have supernaturally acute eyesight. (SInv)
You cover ground extremely quickly. (Speed+++)


Message History

d - a scroll labelled OGGUEC JALOZ
k - a scroll labelled AZALATA TIABRU
There is an open door here.
You open the door.
Really walk into a travel-excluded area?
A gargoyle comes into view. It is wielding a +0 flail.
There is an open door here.
An arrow shoots out and hits you!
There is an arrow trap here.
You are engulfed in noxious fumes.
You choke on the stench!
You are confused.
You hit the gargoyle.
The gargoyle is lightly damaged.
You are engulfed in noxious fumes.
You choke on the stench!
You are more confused.
The gargoyle closely misses you.
You're too confused to cast spells.
You bump into the stone wall.
You are engulfed in noxious fumes.
You choke on the stench!
You are more confused.
The gargoyle hurls a stone arrow at you.
The stone arrow misses you.
You bump into the stone wall.
You are engulfed in noxious fumes.
You choke on the stench!
You are more confused.
The gargoyle hurls a stone arrow at you.
The stone arrow misses you.
The gargoyle hurls a stone arrow at you.
The stone arrow hits you!
The gargoyle hurls a stone arrow at you.
The stone arrow misses you.
You are engulfed in noxious fumes.
You choke on the stench!
You are more confused.
You are engulfed in noxious fumes.
The gargoyle hurls a stone arrow at you.
The stone arrow misses you.
You closely miss the gargoyle.
The gargoyle is lightly damaged.
The gargoyle hits you with a +0 flail!
You die...

####################
#.)'..#__#..'.).#..#
'..#..'..'..#)..##'#
#####'#__####...'..#
#...#.#### #####..+
#..##(# ##'####
##'#_.+ #..^°○#
.'..._# #@9○○°+
##_.#'##+### ###..○#
###'#.#.(.(### #°°^#
###.####'###|##
#○.##
.'...'.....'.∩# #.°#
##.(.########## ##+#
###.### #.#'#.#
#.....#


You could see a gargoyle.

Vanquished Creatures
  Sonja (D)
  A deep troll (D)
  4 demonic crawlers (D)
  2 kobold demonologists (D)
  A slime creature (D)
  Sigmund (D)
  A yak (D)
  A floating eye (D)
  An ogre (D)
  A jelly (D)
  Ijyb (D)
  A ballistomycete spore (D)
16 creatures vanquished.

Vanquished Creatures (others)
  2 hornets (D)
  A ballistomycete spore (D)
3 creatures vanquished.

Grand Total: 19 creatures vanquished

Notes
Turn   | Place    | Note
-------+----------+-------------------------------------------
     0 | D        | Hipnos the Spriggan Enchanter began the quest for the Orb.
     0 | D        | Reached XP level 1. HP: 9/9 MP: 5/5
     1 | D        | Noticed Ijyb
    16 | D        | Killed Ijyb
    17 | D        | Reached skill level 7 in Stealth
    17 | D        | Reached skill level 5 in Hexes
    17 | D        | Reached XP level 2. HP: 13/13 MP: 5/7
   106 | D        | Learned a level 2 spell: Ensorcelled Hibernation
   106 | D        | Noticed an ogre
   109 | D        | Killed an ogre
   110 | D        | Reached skill level 10 in Stealth
   110 | D        | Reached XP level 3. HP: 16/16 MP: 8/10
   110 | D        | Reached XP level 4. HP: 21/21 MP: 8/11
   137 | D        | Noticed Sigmund
   140 | D        | Killed Sigmund
   141 | D        | Reached skill level 5 in Dodging
   141 | D        | Reached skill level 13 in Stealth
   141 | D        | Reached skill level 5 in Spellcasting
   141 | D        | Reached XP level 5. HP: 24/24 MP: 12/14
   152 | D        | Found a burning altar of Makhleb.
   152 | D        | Found a viscous altar of Jiyva.
   152 | D        | Found a shimmering altar of Xom.
   152 | D        | Found a corrupted altar of Lugonu.
   152 | D        | Noticed a slime creature
   155 | D        | Became a worshipper of Makhleb the Destroyer
   156 | D        | Killed a slime creature
   157 | D        | Reached skill level 15 in Stealth
   157 | D        | Reached XP level 6. HP: 29/29 MP: 13/16
   174 | D        | Found an ornate altar of the Wu Jian Council.
   174 | D        | Found a shimmering blue altar of Sif Muna.
   176 | D        | Found a radiant altar of Vehumet.
   183 | D        | Found Kericzo's Antique Armour Emporium.
   183 | D        | Found an ancient bone altar of Kikubaaqudgha.
   183 | D        | Found a hazy altar of Hepliaklqana.
   183 | D        | Found a stormy altar of Qazlal.
   183 | D        | Found a hide-covered altar of Uskayaw.
   183 | D        | Found a blossoming altar of Fedhas.
   183 | D        | Found a bloodstained altar of Trog.
   183 | D        | Found an iron altar of Okawaru.
   183 | D        | Found a basalt altar of Yredelemnul.
   183 | D        | Found a glowing golden altar of the Shining One.
   183 | D        | Found a snail-covered altar of Cheibriados.
   183 | D        | Found a sacrificial altar of Ru.
   183 | D        | Found a glowing silver altar of Zin.
   183 | D        | Found a shadowy altar of Dithmenos.
   183 | D        | Found a white marble altar of Elyvilon.
   183 | D        | Noticed a yak
   184 | D        | Found an opulent altar of Gozag.
   185 | D        | Killed a yak
   185 | D        | Reached * piety under Makhleb
   186 | D        | Reached skill level 16 in Stealth
   186 | D        | Reached skill level 10 in Hexes
   186 | D        | Reached XP level 7. HP: 32/32 MP: 18/18
   186 | D        | Found a sparkling altar of Nemelex Xobeh.
   227 | D        | Noticed a kobold demonologist
   228 | D        | Noticed a kobold demonologist
   233 | D        | Killed a kobold demonologist
   234 | D        | Reached skill level 1 in Fighting
   234 | D        | Reached skill level 17 in Stealth
   236 | D        | Killed a kobold demonologist
   236 | D        | Reached ** piety under Makhleb
   237 | D        | Reached skill level 18 in Stealth
   237 | D        | Reached XP level 8. HP: 34/37 MP: 10/20
   293 | D        | Noticed a demonic crawler
   293 | D        | Noticed a demonic crawler
   293 | D        | Noticed a demonic crawler
   293 | D        | Noticed a demonic crawler
   437 | D        | Noticed Sonja
   441 | D        | Killed Sonja
   442 | D        | Reached skill level 20 in Stealth
   442 | D        | Reached skill level 1 in Ice Magic
   458 | D        | Found Neck's Magic Scroll Boutique.
   466 | D        | Bought a scroll of enchant armour for 90 gold pieces
   466 | D        | Bought a scroll of enchant weapon for 90 gold pieces
   466 | D        | Bought a scroll of enchant armour for 90 gold pieces
   481 | D        | Noticed a deep troll
   485 | D        | Killed a deep troll
   486 | D        | Reached skill level 5 in Short Blades
   486 | D        | Reached skill level 21 in Stealth
   486 | D        | Reached XP level 9. HP: 42/42 MP: 22/22
   495 | D        | Found Yczuehub's Armour Emporium.
   718 | D        | Learned a level 3 spell: Confusing Touch
   722 | D        | Learned a level 3 spell: Tukima's Dance
   726 | D        | Learned a level 3 spell: Dazzling Flash
  1140 | D        | Killed a demonic crawler
  1140 | D        | Reached *** piety under Makhleb
  1670 | D        | Killed a demonic crawler
  1691 | D        | Killed a demonic crawler
  1692 | D        | Reached skill level 22 in Stealth
  1692 | D        | Reached skill level 1 in Conjurations
  1827 | D        | HP: 2/42 [demonic crawler (10)]
  1836 | D        | Killed a demonic crawler
  1930 | D        | Noticed a gargoyle
  1944 | D        | Slain by a gargoyle

Illustrated notes

Levels and vault maps discovered:
D:        dungeon_sprint_1 [red_sonja_temple_1, red_sonja_temple_small_1]

Skill      XL: |  1  2  3  4  5  6  7  8  9 |
---------------+----------------------------+-----
Dodging        | 3 4 5 6 7 8 9 |  9.0
Stealth        | 7 10 13 15 16 18 21 22 | 22.2
Spellcasting   | 3 4 5 6 7 8 9 |  9.5
Hexes          | 5 6 8 9 10 11 12 | 12.5
Short Blades   | 2 3 4 5 |  5.4
Fighting       | 1 2 |  2.2
Ice Magic      | 1 2 |  2.0
Conjurations   | 1 |  1.4

Action                   |  1- 3 |  4- 6 |  7- 9 || total
-------------------------+-------+-------+-------++-------
Melee: Dagger            |    12 |     4 |     4 ||    20
       Short sword       |       |       |    40 ||    40
 Cast: Ensorcelled Hiber |       |       |     4 ||     4
       Dazzling Flash    |       |       |    21 ||    21
       Confusing Touch   |       |       |     8 ||     8
  Use: Potion            |     1 |       |     1 ||     2
       Scroll            |       |       |     3 ||     3
 Stab: Sleeping          |     1 |     4 |     6 ||    11
       Invisible         |       |       |     8 ||     8
       Confused          |       |       |     4 ||     4
       Distracted        |       |       |     2 ||     2
Armor: Robe              |       |       |     9 ||     9
Dodge: Dodged            |     8 |       |   119 ||   127
